 Dungeon Crawl Stone Soup version 0.26.1-2-gb8aa6d0cf2 (webtiles) character file.

Game seed: 3028072041372301473

650631 Amplified the Slayer (level 26, -3/258 HPs)
             Began as a Demigod Wanderer on Mar 21, 2021.
             Splashed by an acid blob's acid (8 damage)
             ... on level 5 of the Pits of Slime on Mar 22, 2021.
             The game lasted 01:46:28 (68166 turns).

Amplified the Slayer (Demigod Wanderer)            Turns: 68166, Time: 01:46:28

Health: -3/258     AC: 18    Str: 38    XL:     26   Next: 40%
Magic:  27/27      EV: 26    Int: 20    God:
Gold:   1608       SH:  0    Dex: 19    Spells: 25/25 levels left

rFire    + + .     SeeInvis +   N - +11 battleaxe "Uwopol" {vorpal, *Drain rF+ Str+4 Dex+4}
rCold    + + +     Faith    .   (shield currently unavailable)
rNeg     + + +     Spirit   .   p - +5 scale mail of Free Expression {rC+ rN+++ Will- rCorr}
rPois    +         Reflect  .   L - +0 mask of the Dragon {Will+ Slay+3 SInv}
rElec    +         Harm     .   q - scarf {repulsion}
rCorr    +         Rampage  .   S - +2 pair of gloves {Str+3}
Will     ++...                  P - +2 pair of boots {run}
Stlth    ++++......             o - amulet "Kuavu" {RegenMP rC++ Str+2 Int+2}
HPRegen  0.53/turn              x - ring "Paerus" {+Fly rElec rF+}
MPRegen  0.45/turn              k - ring of poison resistance

@: mighty, about to teleport, corroded, repel missiles, quick
A: rugged brown scales 1, slimy green scales 1, blurry vision 1, high mp 1
}: 3/15 runes: decaying, serpentine, silver
a: Evoke Flight


You were on level 5 of the Pits of Slime.
You visited 10 branches of the dungeon, and saw 52 of its levels.
You also visited: Ossuary.

You collected 8061 gold pieces.
You spent 6453 gold pieces at shops.

Inventory:

Hand Weapons
 a - a +2 shortbow
 H - the +3 broad axe "Muid" {flame, +Fly Str+3}
   (You bought it in a shop on level 3 of the Elven Halls)

   It has been specially enchanted to burn those struck by it, causing extra
   injury to most foes and up to half again as much damage against particularly
   susceptible opponents.
   Big, fiery blades are also staple armaments of hydra-hunters.
   It affects your strength (+3).
   It lets you fly.
 N - the +11 battleaxe "Uwopol" (weapon) {vorpal, *Drain rF+ Str+4 Dex+4}
   (You bought it in a shop on level 4 of the Dungeon)

   It inflicts extra damage upon your enemies.
   It affects your strength (+4).
   It affects your dexterity (+4).
   It protects you from fire.
   It causes draining when unequipped.
 V - a +2 eveningstar of freezing
Missiles
 b - 2483 arrows
 u - 10 silver javelins
 K - 171 poisoned darts (quivered)
Armour
 p - the +5 scale mail of Free Expression (worn) {rC+ rN+++ Will- rCorr}
   (You found it on level 1 of the Snake Pit)

   It protects you from cold.
   It renders you almost immune to negative energy.
   It affects your willpower, your defense against some magical effects.
   It provides partial protection from all sources of acid and corrosion.
 q - a scarf of repulsion (worn)
 F - the +8 chain mail "Okhaq" {rC+ Str+5 Dex+3}
   (You found it on level 5 of the Vaults)

   It affects your strength (+5).
   It affects your dexterity (+3).
   It protects you from cold.
 L - the +0 mask of the Dragon (worn) {Will+ Slay+3 SInv}
   (You found it on level 3 of the Crypt)

   It affects your accuracy and damage with ranged weapons and melee attacks
   (+3).
   It affects your willpower, your defense against some magical effects.
   It lets you see invisible.
 P - a +2 pair of boots of running (worn)
 Q - the +2 hood of the Assassin {Detection Stab+ Stlth++}
   (You found it on level 3 of the Elven Halls)

   It makes you much more stealthy.
 S - a +2 pair of gloves of strength (worn)
Jewellery
 k - a ring of poison resistance (right hand)
 m - the ring of Shadows {Umbra +Inv Stlth+}
   (You found it on level 3 of the Crypt)

   [ring of stealth]

   It lets you turn invisible.
   It makes you more stealthy.
 o - the amulet "Kuavu" (around neck) {RegenMP rC++ Str+2 Int+2}
   (You acquired it on level 4 of the Swamp)

   [amulet of magic regeneration]

   It increases your magic regeneration.
   It affects your strength (+2).
   It affects your intelligence (+2).
   It greatly protects you from cold.
 x - the ring "Paerus" (left hand) {+Fly rElec rF+}
   (You found it on level 5 of the Dungeon)

   [ring of protection from fire]

   It protects you from fire.
   It insulates you from electricity.
   It lets you fly.
 O - the ring of Disaster {rF+ SInv}
   (You bought it in a shop on level 4 of the Dungeon)

   [ring of see invisible]

   It protects you from fire.
   It lets you see invisible.
Wands
 r - a wand of disintegration (24)
 v - a wand of iceblast (33)
 J - a wand of paralysis (10)
 M - a wand of acid (16)
 Y - a wand of digging (4)
Scrolls
 f - 9 scrolls of amnesia
 g - 5 scrolls of enchant weapon
 i - 16 scrolls of teleportation
 n - 31 scrolls of remove curse
 w - 10 scrolls of identify
 y - a scroll of holy word
 B - 5 scrolls of fear
 D - 4 scrolls of enchant armour
 U - a scroll of fog
 W - a scroll of silence
 Z - a scroll of summoning
Potions
 h - 9 potions of lignification
 j - 5 potions of cancellation
 l - 11 potions of brilliance
 A - 13 potions of curing
 C - 12 potions of mutation
 E - 3 potions of magic
 G - 7 potions of flight
 R - 2 potions of ambrosia
 T - a potion of might
Miscellaneous
 d - a phantom mirror (inert)
 s - a condenser vane
 t - a tin of tremorstones (2/2)


   Skills:
 * Level 23.3 Fighting
 - Level 20.7 Axes
 - Level 10.1 Bows
 * Level 18.7 Armour
 * Level 18.5 Dodging
 - Level 13.2 Stealth
 - Level 6.0 Shields
 - Level 1.0 Evocations


You had 25 spell levels left.
You didn't know any spells.
Your spell library contained the following spells:

 Spells                   Type           Power        Failure   Level
 Animate Skeleton         Necr           0%           26%         1
 Apportation              Tloc           0%           26%         1
 Beastly Appendage        Tmut           0%           26%         1
 Corona                   Hex            0%           26%         1
 Foxfire                  Conj/Fire      0%           26%         1
 Freeze                   Ice            0%           26%         1
 Magic Dart               Conj           0%           26%         1
 Pain                     Necr           0%           26%         1
 Sting                    Tmut/Pois      0%           26%         1
 Summon Small Mammal      Summ           0%           26%         1
 Blink                    Tloc           N/A          38%         2
 Call Imp                 Summ           0%           38%         2
 Ensorcelled Hibernation  Hex/Ice        0%           38%         2
 Passwall                 Tmut/Erth      0%           38%         2
 Poisonous Vapours        Pois/Air       0%           38%         2
 Slow                     Hex            0%           38%         2
 Sublimation of Blood     Necr           0%           38%         2
 Swiftness                Air            0%           38%         2
 Wereblood                Tmut           0%           38%         2
 Call Canine Familiar     Summ           0%           63%         3
 Confusing Touch          Hex            0%           63%         3
 Conjure Flame            Conj/Fire      0%           63%         3
 Dazzling Flash           Conj/Hex       0%           63%         3
 Frozen Ramparts          Ice            0%           63%         3
 Gell's Gravitas          Tloc           0%           63%         3
 Ignite Poison            Fire/Tmut/Pois 0%           63%         3
 Inner Flame              Hex/Fire       0%           63%         3
 Lesser Beckoning         Tloc           0%           63%         3
 Mephitic Cloud           Conj/Pois/Air  0%           63%         3
 Ozocubu's Armour         Ice            0%           63%         3
 Portal Projectile        Hex/Tloc       0%           63%         3
 Spider Form              Tmut/Pois      0%           63%         3
 Static Discharge         Conj/Air       0%           63%         3
 Summon Guardian Golem    Hex/Summ       0%           63%         3
 Teleport Other           Tloc           0%           63%         3
 Tukima's Dance           Hex            0%           63%         3
 Vampiric Draining        Necr           0%           63%         3
 Animate Dead             Necr           0%           95%         4
 Cause Fear               Hex            0%           95%         4
 Dispel Undead            Necr           0%           95%         4
 Hailstorm                Conj/Ice       0%           95%         4
 Ice Form                 Ice/Tmut       0%           95%         4
 Leda's Liquefaction      Hex/Erth       0%           95%         4
 Olgreb's Toxic Radiance  Pois           0%           95%         4
 Passage of Golubria      Tloc           N/A          95%         4
 Petrify                  Tmut/Erth      0%           95%         4
 Summon Ice Beast         Ice/Summ       0%           95%         4
 Summon Lightning Spire   Summ/Air       0%           95%         4
 Agony                    Necr           0%           100%        5
 Alistair's Intoxication  Tmut/Pois      0%           100%        5
 Blade Hands              Tmut           0%           100%        5
 Bolt of Magma            Conj/Fire/Erth 0%           100%        5
 Borgnjor's Vile Clutch   Necr/Erth      0%           100%        5
 Excruciating Wounds      Necr           0%           100%        5
 Iskenderun's Battlesphe  Conj           0%           100%        5
 Lee's Rapid Deconstruct  Erth           0%           100%        5
 Metabolic Englaciation   Hex/Ice        0%           100%        5
 Silence                  Hex/Air        0%           100%        5
 Yara's Violent Unravell  Hex/Tmut       0%           100%        5
 Death Channel            Necr           0%           100%        6
 Dispersal                Tloc           0%           100%        6
 Freezing Cloud           Conj/Ice/Air   0%           100%        6
 Invisibility             Hex            0%           100%        6
 Iron Shot                Conj/Erth      0%           100%        6
 Ozocubu's Refrigeration  Ice            0%           100%        6
 Shadow Creatures         Summ           N/A          100%        6
 Simulacrum               Ice/Necr       0%           100%        6
 Statue Form              Tmut/Erth      0%           100%        6
 Dragon Form              Tmut           0%           100%        7
 Chain Lightning          Conj/Air       0%           100%        8
 Disjunction              Tloc           0%           100%        8
 Lehudib's Crystal Spear  Conj/Erth      0%           100%        8
 Absolute Zero            Ice            0%           100%        9
 Dragon's Call            Summ           0%           100%        9
 Fire Storm               Conj/Fire      0%           100%        9
 Shatter                  Erth           0%           100%        9


Dungeon Overview and Level Annotations

Branches:
Dungeon (15/15)            Temple (0/1) D:6            Lair (6/6) D:11
  Swamp (4/4) Lair:4        Snake (4/4) Lair:3        Slime (5/5) Lair:5
    Orc (2/2) D:9             Elf (3/3) Orc:2        Vaults (5/5) D:14
  Crypt (3/3) Vaults:2       Tomb (0/3) Crypt:3      Depths (5/5) D:15
    Zot (0/5) Depths:5    Ossuary (visited)

Shops:
D:4 *[*(   D:13 ?   Orc:2 ?**[   Elf:3 **(   Snake:3 ?   Vaults:1 [
Vaults:3 [   Vaults:4 !   Vaults:5 !!?   Depths:2 (*!!   Depths:4 *

Portals:
Hell: Depths:1 Depths:2 Depths:3 Depths:4 Depths:5
Abyss: Depths:5
Pandemonium: Depths:3
Ziggurat: Depths:4
Trove: Vaults:1 (show slimy rune of Zot)

Annotations:
D:4 Oh snack. Need money.
D:9 exclusion: oklob plant
D:13 exclusion: ice statue
Snake:1 2 transporters
Snake:2 Check wiki if there's paralyse for hydras.
Elf:2 5 runed translucent doors


Innate Abilities, Weirdness & Mutations

You have an increased reservoir of magic. (+10% MP)
You are partially covered in rugged brown scales. (AC +1, +3% HP)
You are partially covered in slimy green scales. (AC +2)
Scrolls take you a little longer to read.


Message History

The azure jelly hits you but does no damage.
The azure jelly barely misses you. The azure jelly closely misses you.
The azure jelly hits you but does no damage.
The acid blob completely misses you.
The azure jelly completely misses you. x2
The azure jelly hits you but does no damage.
The azure jelly misses you. The acid blob hits you!!
* * * LOW HITPOINT WARNING * * *
You are splashed with acid.
You resist.
* * * LOW HITPOINT WARNING * * *
As you read the scroll of teleportation, it crumbles to dust.
You feel strangely unstable.
Unknown command.
Unknown command.
Unknown command.
Unknown command.
The acid blob spits acid at you. The splash of acid hits you. You resist.
* * * LOW HITPOINT WARNING * * *
You are splashed with acid!
You resist.
You die...

###............................
##..............................
##....^..........................
.................................
..<..............................
................#..#..#.#........
................#####.#####......
...............##?##..##(###.....
..............##@/(#.##?$$##.....
.......(.....##$))##..##?|$##....
.......(...###[JJJ)....$=$=$###..
............##(=}$......))?!#*#..
............###?/.}....=#?$##*...
...........#####..J.....######...
...........J..#............#.....
............#J...........#...#...
............####........######*..


You could see 3 acid blobs and an azure jelly.

Vanquished Creatures
  the Royal Jelly (Slime:5)
  Mara (Vaults:5)
  2 ancient liches
  Saint Roka (Depths:5)
  Frederick (Depths:4)
  Vashnia (Snake:3)
  2 golden dragons
  A bone dragon (Depths:5)
  Jory (Vaults:5)
  The ghost of JozkaLipnik the Peltast, an adept MiHu of Gozag (Elf:3)
  A hellephant (Depths:3)
  6 liches
  2 tentacled monstrosities (Vaults:5)
  2 titans (Vaults:5)
  2 quicksilver dragons (Vaults:5)
  2 deep elf blademasters (Elf:3)
  Asterion (Snake:3)
  23 acid blobs
  A deep elf master archer (Elf:3)
  5 sphinxes
  An ancient champion (Crypt:1)
  A thorn hunter (Swamp:4)
  7 tengu reavers
  Gastronok (D:12)
  3 storm dragons
  7 nagarajas
  A fenstrider witch (Swamp:3)
  6 shadow dragons
  2 revenants (Crypt:2)
  Aizul (Snake:3)
  4 fire giants
  7 azure jellies
  11 frost giants
  14 vault wardens
  8 deep elf sorcerers
  2 orc warlords (Orc:2)
  2 reapers
  A draconian shifter (Depths:5)
  3 curse skulls
  6 deep elf elementalists
  23 stone giants
  11 very ugly things
  2 spriggan defenders
  12 ironheart preservers
  2 war gargoyles
  A draconian annihilator (Depths:5)
  8 vampire knights
  3 bunyips
  7 deep elf demonologists
  A yellow draconian (Depths:5)
  A white draconian (Depths:5)
  14 deep elf annihilators
  2 purple draconians (Depths:5)
  A black draconian (Depths:5)
  14 dire elephants
  4 spark wasps (Depths:1)
  A red draconian (Depths:5)
  7 eleionomae
  A crystal guardian (Vaults:3)
  13 eidola
  7 ettins
  2 shambling mangroves
  Snorg (Lair:4)
  15 deep elf death magi
  2 jiangshi (Crypt:2)
  A merfolk impaler (Depths:3)
  5 death oozes
  A mummy priest (Crypt:3)
  A quicksilver dragon zombie (Crypt:3)
  9 great orbs of eyes
  28 yaktaur captains
  6 deep elf high priests
  8 fire dragons
  7 boulder beetles
  31 vault guards
  Harold (Orc:1)
  22 ogre magi
  20 naga warriors
  23 hydras
  5 rakshasas
  4 spriggan air magi
  A quicksilver dragon skeleton (Crypt:3)
  17 anacondas
  14 centaur warriors
  61 two-headed ogres
  10 ice dragons
  2 death knights
  A small abomination (Elf:3)
  26 dancing weapons
  2 catoblepae
  A satyr (shapeshifter) (Elf:3)
  3 death yaks (Lair:6)
  A two-headed ogre (shapeshifter) (Vaults:4)
  14 alligators
  6 tengu warriors
  6 deep troll earth magi
  A titan zombie (Crypt:2)
  4 deep troll shamans
  14 naga sharpshooters
  2 orc high priests
  2 spriggan berserkers
  4 vampire magi
  Urug (Lair:4)
  9 hell knights
  8 shock serpents
  5 soul eaters (Crypt:3)
  21 deep elf knights
  8 salamander mystics
  2 storm dragon zombies
  26 skeletal warriors
  4 goliath frogs
  7 unseen horrors
  An anaconda zombie (Crypt:3)
  A storm dragon skeleton (Vaults:5)
  5 shadow wraiths
  A ghost moth zombie (Crypt:2)
  2 iron trolls
  11 swamp dragons
  6 flayed ghosts
  23 deep trolls
  6 glowing orange brains
  2 wizards
  4 spriggan druids
  An obsidian statue (Elf:3)
  A lindwurm (shapeshifter) (Vaults:5)
  7 lindwurms
  7 bog bodies
  8 harpies
  15 phantasmal warriors
  11 naga ritualists
  11 deep elf archers
  An anaconda skeleton (Crypt:3)
  A bunyip skeleton (Crypt:2)
  14 necromancers
  A stone giant zombie (Crypt:2)
  Pikel (D:7)
  10 orc knights
  2 orange crystal statues
  A harpy (shapeshifter) (Vaults:5)
  14 ironbrand convokers
  2 golden dragon skeletons
  2 fire giant zombies
  A manticore (shapeshifter) (Vaults:2)
  An iron dragon zombie (Crypt:2)
  5 will-o-the-wisps
  5 wolf spiders
  A wolf spider zombie (Crypt:2)
  6 orc sorcerers
  55 ugly things
  77 deep elf magi
  11 mana vipers
  2 oklob plants (Lair:5)
  5 frost giant zombies
  2 cyclopes (Vaults:2)
  9 shining eyes
  21 salamanders
  Maurice (D:11)
  7 manticores
  An elephant (shapeshifter) (Vaults:5)
  3 fire giant skeletons (Crypt:3)
  A shock serpent zombie (Crypt:3)
  9 guardian serpents
  An iron dragon skeleton (Crypt:2)
  Joseph (D:7)
  20 elephants
  55 black mambas
  12 vault sentinels
  2 frost giant skeletons (Crypt:2)
  4 eyes of devastation
  24 naga magi
  4 stone giant skeletons
  An elf zombie (Vaults:5)
  3 gargoyles
  A torpor snail (shapeshifter) (Vaults:5)
  Maggie (D:9)
  9 cane toads
  A sea snake zombie (Crypt:1)
  A white draconian zombie (Crypt:1)
  7 freezing wraiths
  A dire elephant skeleton (Crypt:1)
  37 yaktaurs
  A rime drake (shapeshifter) (Vaults:5)
  8 komodo dragons
  6 rime drakes
  2 efreet (D:13)
  4 tengu conjurers
  13 hellwings (Crypt:3)
  A yaktaur (shapeshifter) (Depths:3)
  A hydra zombie (Crypt:3)
  A black draconian skeleton (Crypt:2)
  A guardian mummy (Crypt:3)
  An iron troll skeleton (Crypt:1)
  10 trolls
  2 jumping spiders (Crypt:3)
  Prince Ribbit (D:7)
  Grinder (D:5)
  A hornet (shapeshifter) (D:15)
  6 hornets
  23 blink frogs
  10 tyrant leeches
  2 harpy skeletons
  A blink frog (shapeshifter) (Elf:1)
  2 ettin zombies
  114 slime creatures
  4 flying skulls (Crypt:2)
  7 dream sheep (Lair:6)
  2 fire dragon zombies (Crypt:3)
  2 alligator skeletons
  3 redbacks (Crypt:3)
  5 air elementals
  6 water elementals
  A fire dragon skeleton (Crypt:2)
  A shadow (D:10)
  2 ushabtiu (Crypt:3)
  A vampire (D:14)
  7 spriggans
  8 wyverns
  47 yaks
  An ice dragon skeleton (Crypt:3)
  A wyvern (shapeshifter) (Depths:4)
  A black mamba zombie (Crypt:3)
  8 wraiths
  A yak (shapeshifter) (Depths:3)
  7 basilisks
  A human (shapeshifter) (Vaults:1)
  A yaktaur simulacrum (Vaults:1)
  2 fire elementals (Elf:3)
  3 steam dragons
  5 vampire mosquitoes
  2 golden eyes (Slime:1)
  7 wargs
  Menkaure (D:6)
  17 swamp worms
  61 nagas
  A deep troll zombie (Crypt:1)
  A soldier ant (shapeshifter) (Depths:1)
  4 acid dragons
  Duvessa (D:7)
  18 water moccasins
  41 orc warriors
  2 cane toad skeletons (Crypt:2)
  7 hell hounds (D:14)
  A floating eye (Depths:4)
  7 sky beasts
  13 swamp drakes
  5 ice beasts
  A necrophage (D:13)
  3 phantoms
  A black bear (shapeshifter) (Vaults:2)
  3 black bears
  8 eyes of draining
  An eye of draining (shapeshifter) (Vaults:3)
  A manticore skeleton (Crypt:2)
  A boggart (shapeshifter) (Vaults:5)
  42 centaurs
  A rime drake zombie (Crypt:2)
  5 wolves
  A snapping turtle skeleton (Crypt:3)
  4 lemures (D:7)
  47 ogres
  A torpor snail zombie (Crypt:1)
  A big kobold (D:11)
  A wyvern zombie (D:13)
  17 bullfrogs
  4 earth elementals
  6 wyvern skeletons
  Dowan (D:7)
  12 scorpions
  A spriggan zombie (Crypt:3)
  15 killer bees
  4 wights (D:11)
  4 howler monkeys
  2 electric eels (Lair:6)
  9 lava snakes
  5 centaur zombies
  2 quasits
  2 bullfrog skeletons
  4 bullfrog zombies
  2 human zombies (Ossuary)
  Crazy Yiuf (D:3)
  19 orc priests
  A hound (D:12)
  A jelly (shapeshifter) (Depths:3)
  2 jellies (D:8)
  34 orc wizards
  A human skeleton (Crypt:2)
  6 iguanas
  15 worker ants
  8 hell rats
  A naga zombie (Crypt:2)
  2 big kobold zombies (Ossuary)
  2 hound zombies (D:9)
  2 naga skeletons (Crypt:2)
  3 mummies (Ossuary)
  Robin (D:2)
  3 gnolls
  A howler monkey skeleton (D:5)
  8 scorpion zombies (Ossuary)
  11 adders
  9 river rats (Lair:5)
  A shadow imp (D:7)
  2 white imps
  3 ufetubi
  3 oozes
  An adder skeleton (D:9)
  A worm (D:2)
  4 dart slugs
  4 leopard geckos
  110 orcs
  2 bat zombies (D:2)
  6 giant cockroaches
  8 goblins
  18 hobgoblins
  2 jackals (D:10)
  15 kobolds
  11 quokkas
  A river rat zombie (Crypt:1)
  3 ball pythons (Snake:4)
  8 bats
  A dart slug zombie (Crypt:1)
  4 frilled lizards
  2 goblin zombies (Ossuary)
  A hobgoblin skeleton (Crypt:2)
  2 hobgoblin zombies (Ossuary)
  A jackal skeleton (D:5)
  A jackal zombie (D:5)
  4 kobold zombies (Ossuary)
  3 orc zombies (Ossuary)
  6 rats
  2 rat zombies (D:2)
  A crawling corpse (Elf:3)
  A withered plant (Crypt:3)
2438 creatures vanquished.

Vanquished Creatures (others)
  A fire giant (Vaults:4)
  A vampire knight (Depths:4)
  An alligator (Swamp:1)
  2 deep elf knights
  An ironbrand convoker (Vaults:4)
  A deep elf archer (Elf:2)
  A necromancer (D:14)
  3 bloated husks
  2 dream sheep (Lair:6)
  A yak (Lair:6)
  A swamp worm (Swamp:1)
  2 swamp drakes
  A wolf (Lair:4)
  An orc (Vaults:1)
  A rat (D:3)
  12 foxfires
  143 fungi
  139 plants
  5 toadstools (Depths:1)
  19 withered plants (Crypt:3)
338 creatures vanquished.

Grand Total: 2776 creatures vanquished

Notes
Turn   | Place    | Note
-------+----------+-------------------------------------------
     0 | D:1      | Amplified the Demigod Wanderer began the quest for the Orb.
     0 | D:1      | Amplified set off with the following items: a +2 shortbow,
                  | 28 arrows, a potion of curing, a wand of random effects
                  | (15), a +0 robe
     0 | D:1      | Reached XP level 1. HP: 17/17 MP: 3/3
    24 | D:1      | Reached skill level 2 in Fighting
    67 | D:1      | Reached XP level 2. HP: 24/24 MP: 4/4
   907 | D:2      | Reached XP level 3. HP: 25/30 MP: 5/5
  1039 | D:2      | Reached skill level 1 in Dodging
  1496 | D:2      | Found an ancient bone altar of Kikubaaqudgha.
  1678 | D:2      | Noticed Robin
  1687 | D:2      | Killed Robin
  1688 | D:2      | Reached XP level 4. HP: 37/37 MP: 6/6
  1707 | D:2      | Reached skill level 1 in Axes
  2102 | D:3      | Reached skill level 3 in Fighting
  2215 | D:3      | Reached XP level 5. HP: 17/45 MP: 7/7
  2687 | D:3      | Found a runed translucent door.
  2688 | D:3      | Noticed Crazy Yiuf
  2696 | D:3      | Killed Crazy Yiuf
  2864 | D:4      | Reached XP level 6. HP: 37/51 MP: 8/8
  2945 | D:4      | Found Massaqut's General Store.
  2982 | D:4      | Found Boill's Armour Shop.
  3331 | D:4      | Found Jimo Yresot's Assorted Antiques.
  3498 | D:4      | Found a stormy altar of Qazlal.
  3613 | D:4      | Found Zeapeamnusk's Weapon Emporium.
  3698 | D:5      | Entered Level 5 of the Dungeon
  3713 | D:5      | Found a shimmering altar of Xom.
  3719 | D:5      | Reached skill level 4 in Fighting
  3719 | D:5      | Reached XP level 7. HP: 48/59 MP: 9/9
  3745 | D:5      | Found a sparkling altar of Nemelex Xobeh.
  3748 | D:5      | Found a burning altar of Makhleb.
  3751 | D:5      | Found an opulent altar of Gozag.
  4070 | D:5      | Noticed Grinder
  4112 | D:5      | Killed Grinder
  4113 | D:5      | Reached skill level 5 in Bows
  4241 | D:5      | Got a flickering glass ring
  4243 | D:5      | Identified the ring "Paerus" {+Fly rElec rF+} (You found it
                  | on level 5 of the Dungeon)
  4473 | D:5      | Found a radiant altar of Vehumet.
  4483 | D:5      | Reached XP level 8. HP: 67/67 MP: 10/10
  4757 | D:6      | Reached skill level 5 in Fighting
  4764 | D:6      | Found a shadowy altar of Dithmenos.
  4810 | D:6      | Noticed Menkaure
  4824 | D:6      | Killed Menkaure
  4922 | D:6      | Reached skill level 1 in Shields
  5046 | D:6      | Found a sand-covered staircase.
  5057 | Ossuary  | Entered an ossuary
  5401 | Ossuary  | Reached skill level 5 in Axes
  5729 | D:6      | Found a staircase to the Ecumenical Temple.
  6023 | D:6      | Reached skill level 6 in Fighting
  6023 | D:6      | Reached XP level 9. HP: 71/75 MP: 11/11
  6321 | D:7      | Noticed Prince Ribbit
  6321 | D:7      | Noticed a manticore
  6372 | D:7      | Noticed Joseph
  6373 | D:7      | Noticed Duvessa
  6373 | D:7      | Noticed Dowan
  6377 | D:7      | Got an ichor-stained plate armour
  6383 | D:6      | Identified the +7 plate armour of Resonance {Str+4} (You
                  | found it on level 7 of the Dungeon)
  6499 | D:7      | Killed Dowan
  6506 | D:7      | Killed Duvessa
  6538 | D:7      | Killed a manticore
  6564 | D:7      | Killed Joseph
  6591 | D:7      | Noticed Pikel
  6608 | D:7      | Killed Pikel
  6678 | D:7      | Found an ornate altar of the Wu Jian Council.
  6722 | D:7      | Killed Prince Ribbit
  6790 | D:7      | Reached skill level 7 in Fighting
  7382 | D:8      | Reached XP level 10. HP: 86/86 MP: 13/13
  7521 | D:8      | Reached skill level 5 in Shields
  8434 | D:9      | Found a roughly hewn altar of Beogh.
  8457 | D:9      | Noticed a two-headed ogre
  8469 | D:9      | Killed a two-headed ogre
  8628 | D:9      | Killed an unseen horror
  8629 | D:9      | Reached skill level 8 in Fighting
  8859 | D:9      | Noticed Maggie
  8882 | D:9      | Killed Maggie
  8888 | D:9      | Found a staircase to the Orcish Mines.
  8932 | D:9      | Noticed an oklob plant
  9088 | D:9      | Found a shadowy altar of Dithmenos.
  9123 | D:10     | Entered Level 10 of the Dungeon
  9930 | D:11     | Noticed a boulder beetle
  9934 | D:11     | Reached XP level 11. HP: 90/95 MP: 14/14
  9958 | D:10     | Killed a boulder beetle
 10069 | D:11     | Reached skill level 9 in Fighting
 10129 | D:11     | Noticed Maurice
 10135 | D:11     | Found a staircase to the Lair.
 10216 | D:11     | Killed Maurice
 10328 | D:11     | Killed an unseen horror
 10329 | D:11     | Reached skill level 10 in Bows
 10850 | D:4      | Bought a translucent battleaxe for 310 gold pieces
 10850 | D:4      | Bought a steaming tin ring for 135 gold pieces
 10850 | D:4      | Bought a pair of glowing boots for 202 gold pieces
 10855 | D:4      | Identified a +0 pair of boots of running (You bought it in
                  | a shop on level 4 of the Dungeon)
 10860 | D:4      | Identified the ring of Disaster {rF+ SInv} (You bought it
                  | in a shop on level 4 of the Dungeon)
 10869 | D:4      | Identified the +11 battleaxe "Uwopol" {vorpal, *Drain rF+
                  | Str+4 Dex+4} (You bought it in a shop on level 4 of the
                  | Dungeon)
 11007 | D:12     | Noticed Gastronok
 11015 | D:12     | Killed Gastronok
 11016 | D:12     | Reached skill level 10 in Fighting
 11021 | D:12     | Reached XP level 12. HP: 91/106 MP: 15/15
 11415 | D:12     | Reached skill level 10 in Axes
 11916 | D:13     | Reached skill level 5 in Armour
 11968 | D:13     | Noticed a centaur warrior
 11974 | D:13     | Killed a centaur warrior
 12050 | D:13     | Found an iron altar of Okawaru.
 12265 | D:13     | Found Down's Magic Scroll Shoppe.
 12270 | D:13     | Bought a scroll of teleportation for 42 gold pieces
 12313 | D:13     | Reached skill level 11 in Fighting
 12368 | D:13     | Noticed a death knight
 12375 | D:13     | Noticed a centaur warrior
 12384 | D:13     | Noticed a rakshasa
 12395 | D:13     | HP: 2/110 [centaur warrior/arrow (15)]
 12576 | D:14     | Found a gate to the Vaults.
 12588 | D:14     | Noticed a yaktaur captain
 12602 | D:14     | Killed a yaktaur captain
 12761 | Lair:1   | Entered Level 1 of the Lair of Beasts
 12798 | Lair:1   | Reached skill level 5 in Dodging
 12854 | Lair:1   | Noticed a seven-headed hydra
 12919 | Lair:2   | Noticed a boulder beetle
 12931 | Lair:2   | Killed a boulder beetle
 13108 | Lair:2   | Reached XP level 13. HP: 109/116 MP: 16/16
 13467 | Lair:2   | Reached XP level 14. HP: 124/124 MP: 17/17
 13624 | Lair:3   | Found a staircase to the Snake Pit.
 14450 | Lair:4   | Noticed Urug
 14465 | Lair:4   | Killed Urug
 14701 | Lair:4   | Reached skill level 12 in Fighting
 14779 | Lair:4   | Found a staircase to the Swamp.
 14983 | Lair:4   | Noticed Snorg
 14999 | Lair:4   | Killed Snorg
 15125 | Orc:1    | Entered Level 1 of the Orcish Mines
 16422 | Lair:5   | Reached XP level 15. HP: 131/131 MP: 18/18
 16455 | Lair:5   | Found a staircase to the Slime Pits.
 17150 | Lair:6   | Entered Level 6 of the Lair of Beasts
 18027 | Lair:6   | Reached skill level 13 in Fighting
 18649 | Orc:1    | Reached skill level 15 in Axes
 18806 | Orc:1    | Found a roughly hewn altar of Beogh.
 18986 | Orc:2    | Entered Level 2 of the Orcish Mines
 19091 | Orc:1    | Reached XP level 16. HP: 144/144 MP: 19/19
 19446 | Orc:2    | Found Potops's Magic Scroll Shoppe.
 19446 | Orc:2    | Found Luafiaciu's Assorted Antiques.
 19448 | Orc:2    | Found Sangoew's Assorted Antiques.
 19448 | Orc:2    | Found Xouwopok's Antique Armour Emporium.
 19578 | Orc:2    | Bought a scroll labelled JEZA DEARCHOCH for 33 gold pieces
 19578 | Orc:2    | Bought a scroll labelled VUNUS PAGIO for 33 gold pieces
 19579 | Orc:2    | Bought a garnet-encrusted plate armour for 784 gold pieces
 19581 | Orc:2    | Bought 2 potions of might for 264 gold pieces
 19582 | Orc:2    | Bought a scroll of teleportation for 102 gold pieces
 19586 | Orc:2    | Identified the +9 plate armour of Rotten Satisfaction
                  | {Int+3} (You bought it in a shop on level 2 of the Orcish
                  | Mines)
 19608 | Orc:2    | Found a staircase to the Elven Halls.
 19952 | Orc:1    | Noticed Harold
 19985 | Orc:1    | Killed Harold
 20698 | D:14     | Reached skill level 14 in Fighting
 21328 | D:15     | Entered Level 15 of the Dungeon
 21605 | D:15     | Found a staircase to the Depths.
 24063 | Lair:6   | Got a jewelled chain mail
 24066 | Lair:6   | Identified the +7 chain mail of Trial and Error {*Drain
                  | Int+4 SInv} (You found it on level 6 of the Lair of Beasts)
 24190 | Swamp:1  | Entered Level 1 of the Swamp
 24233 | Swamp:1  | Reached XP level 17. HP: 81/154 MP: 20/20
 24601 | Elf:1    | Entered Level 1 of the Elven Halls
 25246 | Elf:1    | Identified the +6 plate armour of the Sailor {Dex+5} (You
                  | found it on level 1 of the Elven Halls)
 26464 | Elf:2    | Found a huge runed translucent gate.
 26464 | Elf:2    | Found a huge runed translucent gate.
 26465 | Elf:2    | Found a huge runed translucent gate.
 26466 | Elf:2    | Found a huge runed translucent gate.
 26473 | Elf:2    | Found a huge runed translucent gate.
 27247 | Elf:2    | Paralysed by an orc sorcerer for 7 turns
 27414 | Elf:3    | Entered Level 3 of the Elven Halls
 27496 | Elf:3    | Found a radiant altar of Vehumet.
 27508 | Elf:3    | Found a runed translucent gate.
 27508 | Elf:3    | Found a runed translucent gate.
 27508 | Elf:3    | Found a runed translucent gate.
 27510 | Elf:3    | Found an opulent altar of Gozag.
 27510 | Elf:3    | Found Gatzoxe's Assorted Antiques.
 27512 | Elf:3    | Noticed JozkaLipnik's ghost (adept MiHu)
 27513 | Elf:3    | Found Yceijon's Assorted Antiques.
 27558 | Elf:3    | Found Wueze's Weapon Emporium.
 27961 | Elf:3    | Killed JozkaLipnik's ghost
 28053 | Elf:3    | Bought a smoking broad axe for 306 gold pieces
 28053 | Elf:3    | Bought a potion of haste for 340 gold pieces
 28053 | Elf:3    | Bought a scroll of teleportation for 102 gold pieces
 28053 | Elf:3    | Identified the +3 broad axe "Muid" {flame, +Fly Str+3} (You
                  | bought it in a shop on level 3 of the Elven Halls)
 28128 | Elf:3    | Noticed a deep elf blademaster
 28138 | Elf:3    | Killed a deep elf blademaster
 28139 | Elf:3    | Reached XP level 18. HP: 152/162 MP: 21/21
 28187 | Elf:3    | Bought a scroll of teleportation for 105 gold pieces
 29134 | Elf:3    | Identified a scroll of acquirement
 29137 | Elf:3    | Acquired 724 gold pieces
 29531 | Elf:3    | Noticed a Brimstone Fiend
 29538 | Elf:3    | Noticed a Tzitzimitl
 29851 | Elf:3    | Identified the Volume of Dislocation and Evil
 29858 | Elf:3    | Identified the +4 plate armour of the Storm King {Str+9
                  | Dex-4} (You found it on level 3 of the Elven Halls)
 29872 | Elf:3    | Found the +2 hood of the Assassin {Detection Stab+ Stlth++}
 29904 | Elf:3    | Identified Ibyeve's Guide on the Supportive Frostbite
 29956 | Elf:3    | Identified Soc Koen's Compendium of Black Rites and the
                  | Voyage
 30242 | Snake:1  | Entered Level 1 of the Snake Pit
 30567 | Snake:1  | Reached skill level 15 in Fighting
 30661 | Snake:1  | Found a transporter.
 30663 | Snake:1  | Found a transporter.
 31469 | Snake:1  | Reached skill level 10 in Armour
 32112 | Snake:1  | Identified the +5 scale mail of Free Expression {rC+ rN+++
                  | Will- rCorr} (You found it on level 1 of the Snake Pit)
 33579 | Snake:3  | Noticed Asterion
 33686 | Snake:3  | Reached skill level 10 in Dodging
 33932 | Snake:3  | Reached XP level 19. HP: 145/170 MP: 22/22
 33932 | Snake:3  | Found Veergh's Magic Scroll Boutique.
 34036 | Snake:3  | Bought a scroll of teleportation for 39 gold pieces
 34036 | Snake:3  | Bought a scroll of magic mapping for 45 gold pieces
 34036 | Snake:3  | Bought a scroll of fear for 45 gold pieces
 34044 | Snake:3  | Noticed Vashnia
 34065 | Snake:3  | Killed Vashnia
 34073 | Snake:3  | Killed Asterion
 34074 | Snake:3  | Noticed Aizul
 34330 | Snake:3  | Killed Aizul
 35373 | Snake:4  | Entered Level 4 of the Snake Pit
 35697 | Snake:4  | Reached skill level 16 in Fighting
 37936 | Snake:4  | Got a serpentine rune of Zot
 38279 | Vaults:1 | Entered Level 1 of the Vaults
 38383 | Vaults:1 | Reached XP level 20. HP: 164/182 MP: 24/24
 39137 | Vaults:1 | Reached skill level 17 in Fighting
 39497 | Vaults:1 | Found a portal to a secret trove of treasure.
 39768 | Vaults:1 | Found Kucinor's Armour Emporium.
 39779 | Vaults:1 | Reached skill level 5 in Stealth
 41414 | Vaults:2 | Found a staircase to the Crypt.
 42026 | Vaults:3 | Found Limit's Antique Armour Emporium.
 42599 | Vaults:3 | Reached skill level 18 in Fighting
 43780 | Vaults:4 | Reached XP level 21. HP: 115/195 MP: 25/25
 43955 | Vaults:4 | Reached skill level 10 in Stealth
 44544 | Vaults:4 | Found Ykentech's Distillery.
 44550 | Vaults:4 | Bought a potion of curing for 36 gold pieces
 44550 | Vaults:4 | Bought a potion of heal wounds for 60 gold pieces
 44609 | Vaults:4 | Paralysed by a sphinx for 5 turns
 45482 | Crypt:1  | Entered Level 1 of the Crypt
 45594 | Crypt:1  | Reached skill level 19 in Fighting
 45764 | Crypt:3  | Entered Level 3 of the Crypt
 45946 | Crypt:3  | Identified the Papyrus of the Toxic Volcanoes
 46395 | Crypt:3  | Found an ancient bone altar of Kikubaaqudgha.
 46554 | Crypt:3  | Found the ring of Shadows {Umbra +Inv Stlth+}
 46554 | Crypt:3  | Found the +0 mask of the Dragon {Will+ Slay+3 SInv}
 46554 | Crypt:3  | Noticed an ancient lich
 46579 | Crypt:3  | Killed an ancient lich
 47179 | Crypt:3  | Found a staircase to the Tomb.
 48194 | Crypt:2  | Reached XP level 22. HP: 201/209 MP: 26/26
 48592 | Crypt:2  | Reached skill level 20 in Fighting
 48640 | Crypt:2  | Got a heavily runed silver amulet
 48641 | Crypt:2  | Identified the amulet "Fapices" {Inacc Str+4} (You found it
                  | on level 2 of the Crypt)
 49684 | Crypt:1  | Found a basalt altar of Yredelemnul.
 52521 | Swamp:4  | Entered Level 4 of the Swamp
 52539 | Swamp:4  | Acquired the amulet "Kuavu" {RegenMP rC++ Str+2 Int+2}
 53663 | Swamp:4  | Got a decaying rune of Zot
 54469 | Depths:1 | Entered Level 1 of the Depths
 54495 | Depths:1 | Got a dazzling kite shield
 54501 | Depths:1 | Identified the +1 kite shield "Wasmosuf" {+Inv MP-9 Int+9}
                  | (You found it on level 1 of the Depths)
 54734 | Depths:1 | Found an iron altar of Okawaru.
 54751 | Depths:1 | Found a gateway to Hell.
 55183 | Depths:2 | Found Yfraplie's Distillery.
 55186 | Depths:2 | Found Cuqijay's Distillery.
 55186 | Depths:2 | Found Ofeos's General Store.
 55191 | Depths:2 | Bought a potion of experience for 750 gold pieces
 55191 | Depths:2 | Reached XP level 23. HP: 218/218 MP: 27/27
 55192 | Depths:2 | Bought a potion of curing for 45 gold pieces
 55192 | Depths:2 | Bought 2 potions of curing for 90 gold pieces
 55192 | Depths:2 | Bought a potion of heal wounds for 75 gold pieces
 55192 | Depths:2 | Bought a potion of mutation for 120 gold pieces
 55192 | Depths:2 | Bought 2 potions of cancellation for 240 gold pieces
 55192 | Depths:2 | Bought a potion of cancellation for 120 gold pieces
 55192 | Depths:2 | Bought a potion of cancellation for 120 gold pieces
 55192 | Depths:2 | Found Fitsaote's Weapon Shop.
 55254 | Depths:2 | Bought a potion of curing for 51 gold pieces
 55254 | Depths:2 | Bought a scroll of teleportation for 51 gold pieces
 55254 | Depths:2 | Bought a potion of might for 68 gold pieces
 55260 | Depths:2 | Bought a potion of curing for 51 gold pieces
 55260 | Depths:2 | Bought a potion of haste for 170 gold pieces
 55260 | Depths:2 | Bought a potion of haste for 170 gold pieces
 55260 | Depths:2 | Bought a potion of might for 68 gold pieces
 55260 | Depths:2 | Bought a potion of might for 68 gold pieces
 55260 | Depths:2 | Bought a potion of mutation for 136 gold pieces
 55405 | Depths:2 | Paralysed by a great orb of eyes for 4 turns
 55410 | Depths:2 | Reached XP level 24. HP: 97/226 MP: 27/27
 55429 | Depths:2 | HP: 11/226 [frost giant/+0 battleaxe of freezing (28)]
 56152 | Depths:2 | Reached skill level 21 in Fighting
 56509 | Depths:2 | Reached skill level 15 in Armour
 57093 | Depths:3 | Reached skill level 15 in Dodging
 57909 | Depths:3 | Found a hazy altar of Hepliaklqana.
 58475 | Depths:3 | Found a one-way gate leading to the halls of Pandemonium.
 58569 | Depths:4 | Found Tefop's Serpentskin Sales.
 58803 | Depths:4 | Noticed Frederick
 58827 | Depths:4 | Killed Frederick
 59702 | Depths:4 | Found a gateway to a ziggurat.
 59816 | Depths:4 | You fall into a shaft and drop 1 floor!
 59816 | Depths:5 | Entered Level 5 of the Depths
 59962 | Depths:5 | Got a clouded jade ring
 59963 | Depths:5 | Identified the ring of Igaer {rF+ MP+9 Int+4 Dex+3} (You
                  | found it on level 5 of the Depths)
 60007 | Depths:5 | Found a one-way gate to the infinite horrors of the Abyss.
 60391 | Depths:5 | Noticed Saint Roka
 60414 | Depths:5 | Killed Saint Roka
 60751 | Depths:5 | Found a gate to the Realm of Zot.
 61708 | Depths:1 | Reached XP level 25. HP: 174/237 MP: 27/27
 62154 | Depths:1 | Reached skill level 22 in Fighting
 63122 | Vaults:5 | Entered Level 5 of the Vaults
 63152 | Vaults:5 | Found Ykentech's Distillery.
 63213 | Vaults:5 | Bought a potion of might for 92 gold pieces
 63213 | Vaults:5 | Bought a potion of curing for 69 gold pieces
 63213 | Vaults:5 | Bought a potion of mutation for 184 gold pieces
 63213 | Vaults:5 | Bought a potion of mutation for 184 gold pieces
 63369 | Vaults:5 | Found Tomp's Distillery.
 63377 | Vaults:5 | Bought a potion of might for 64 gold pieces
 63377 | Vaults:5 | Bought a potion of curing for 48 gold pieces
 63377 | Vaults:5 | Bought a potion of curing for 48 gold pieces
 63377 | Vaults:5 | Bought a potion of curing for 48 gold pieces
 63467 | Vaults:5 | Found Homeim's Magic Scroll Emporium.
 63472 | Vaults:5 | Bought a scroll of teleportation for 72 gold pieces
 63472 | Vaults:5 | Bought a scroll of fear for 84 gold pieces
 63852 | Vaults:5 | Bought a potion of ambrosia for 184 gold pieces
 64228 | Vaults:5 | Got a silver rune of Zot
 64342 | Vaults:5 | Noticed Jory
 64359 | Vaults:5 | Killed Jory
 64413 | Vaults:5 | Identified the +8 chain mail "Okhaq" {rC+ Str+5 Dex+3} (You
                  | found it on level 5 of the Vaults)
 64417 | Vaults:5 | Identified the Collected Works on Destructive Creation
 64746 | Vaults:5 | Noticed an ancient lich
 64753 | Vaults:5 | Killed an ancient lich
 65090 | Vaults:5 | Noticed Mara
 65113 | Vaults:5 | Killed Mara
 65619 | Vaults:5 | Identified the Handbook of the Quantum Volcanoes
 66079 | Vaults:5 | Identified Wualia's Reference Book on Necromancy
 66507 | Slime:1  | Entered Level 1 of the Pits of Slime
 66578 | Slime:2  | Reached XP level 26. HP: 108/249 MP: 27/27
 66889 | Slime:2  | Reached skill level 23 in Fighting
 66900 | Slime:2  | You fall into a shaft and drop 2 floors!
 66911 | Slime:5  | Entered Level 5 of the Pits of Slime
 67217 | Slime:2  | Gained mutation: Armour fits poorly on your strangely
                  | shaped body. [a shining eye]
 67348 | Slime:3  | Gained mutation: You are weak. (Str -2) [a shining eye]
 67379 | Slime:3  | Gained mutation: Scrolls take you a little longer to read.
                  | [a shining eye]
 67661 | Slime:5  | Gained mutation: You have large cloven feet. [a shining
                  | eye]
 67974 | Slime:5  | Lost mutation: You are weak. (Str -2) [potion of mutation]
 67974 | Slime:5  | Lost mutation: Armour fits poorly on your strangely shaped
                  | body. [potion of mutation]
 67974 | Slime:5  | Lost mutation: You have large cloven feet. [potion of
                  | mutation]
 67974 | Slime:5  | Gained mutation: You are partially covered in slimy green
                  | scales. (AC +2) [potion of mutation]
 67974 | Slime:5  | Gained mutation: You are partially covered in rugged brown
                  | scales. (AC +1, +3% HP) [potion of mutation]
 67988 | Slime:5  | Found a viscous altar of Jiyva.
 68077 | Slime:5  | Noticed the Royal Jelly
 68143 | Slime:5  | Killed the Royal Jelly
 68165 | Slime:5  | HP: 12/258 [acid blob[the Royal Jelly] (19)]
 68166 | Slime:5  | HP: 5/258 [acid blob/splash of acid (3)]
 68166 | Slime:5  | Splashed by an acid blob's acid

Illustrated notes

Levels and vault maps discovered:
D:1:      sevenhm_arrival_forest_fort_large_4, layout_rooms
D:2:      layout_basic, lemuel_zombie_altar_kikubaaqudgha, minmay_cut_off,
          uniq_robin
D:3:      layout_basic, uniq_crazy_yiuf_cottage
D:4:      layout_loops_ring, nicolae_qazlal_eye_of_the_storm, serial_shops,
          shop, nicolae_shop_behind_doors, shop, kennysheep_mini_moat
D:5:      kennysheep_spiral_hall, layout_gridville,
          grunt_temple_overflow_cloverleaf, basic_altar,
          kennysheep_generic_room_5, uniq_grinder
D:6:      layout_layer_cave, temple_doors_cd,
          lightli_ossuary_entry_decrepit_ruins, nicolae_dithmenos_shadow_blocks,
          uniq_menkaure
D:7:      layout_basic, pdpol_wu_jian_five_deadly_venoms, uniq_duvessa,
          uniq_joseph, uniq_prince_ribbit1, uniq_pikel
D:8:      layout_basic, grunt_ministairs_2, glass_columns_c,
          wad_floor_pattern_1, wad_dig_loot
D:9:      layout_roguey [special_room_orc], orc_0_dummy, minmay_liquid_box,
          lemuel_oklob_altar, uniq_maggie
D:10:     layout_basic
D:11:     layout_rooms, minmay_lair_entry_grove, uniq_maurice
D:12:     layout_cave_pools, uniq_gastronok
D:13:     layout_basic, basic_altar, serial_shops, shop,
          minmay_stone_trees_small, minivault_16, minmay_misc_feat_encased
D:14:     layout_basic, david_vaults_2, hangedman_decor_clover_reticule,
          minmay_rotating_lava
D:15:     hangedman_depths_entry_civil_slaughter, layout_rooms, glass_columns_a
Lair:1:   layout_chaotic_city
Lair:2:   layout_loops_ring, grunt_megastairs_4, lemuel_fruit_fields
Lair:3:   layout_regular_city, guppyfry_snake_entry_island
Lair:4:   layout_loops_ring, minmay_swamp_entry_worms,
          infiniplex_staircase_pool, uniq_snorg, uniq_urug
Lair:5:   layout_gridlike, minmay_slime_entry_oklob_open, kennysheep_rathole,
          serial_bayou_shore_b, infiniplex_staircase_pool_2, lemuel_fruit_tree
Lair:6:   guppyfry_lair_end_dragon, layout_gridlike, hangedman_lair_in_review,
          disabler_island
Swamp:1:  layout_falls_marsh, evilmike_swamp_ruin_house_3, swamp_pool5,
          nicolae_swamp_snake_nest
Swamp:2:  layout_basic_swamp, evilmike_swamp_ruin_rubble_1, swamp_pool5
Swamp:3:  layout_basic_swamp, evilmike_swamp_ruin_house_6
Swamp:4:  swamp, layout_basic_swamp
Snake:1:  gammafunk_the_bubble [the_bubble_gammafunk_plus_minus], layout_basic,
          grunt_ministairs_12, serial_bayou_shore_b, serial_bayou_shore_b
Snake:2:  layout_honeycomb
Snake:3:  layout_rooms, serial_shops, nicolae_shop_behind_doors, st_stairs_1,
          uniq_vashnia, uniq_aizul, uniq_asterion
Snake:4:  snake_pit_salamanders_mu, layout_misc_corridors,
          nicolae_snake_lava_pool
Slime:1:  layout_caves
Slime:2:  layout_caves
Slime:3:  layout_caves
Slime:4:  layout_caves, cheibrodos_slime_lost_civilization_7
Slime:5
Orc:1:    layout_caves, basic_altar, uniq_harold
Orc:2:    st_orc_ogre_mass, layout_caves, elf_legates
Elf:1:    minmay_elf_arrival_circle, layout_onion_city,
          hangedman_elven_crosses_minicolossus, solitary_fountain,
          serial_sigils_hangedman_snap
Elf:2:    layout_loops_corners, serial_co_window_serial, co_window_paths_b,
          co_window_paths_a, co_window_corner_a, co_window_cross_1,
          co_window_of_opportunity_a, co_window_corner_a, co_window_paths_b,
          co_window_paths_b, co_window_paths_a, co_window_corner_ca,
          co_window_of_opportunity_b, co_window_unsneaky_path_a,
          co_window_of_opportunity_c, glass_columns_b, glass_columns_a,
          grunt_ministairs_12
Elf:3:    minmay_elf_hall_four_x, layout_gridlike, ebering_ghost_gozag,
          basic_altar, minmay_shop_star
Vaults:1: v_alt_pattern_2, v_alt_pattern_6, nicolae_vaults_alarming,
          vaults_mumra_lcd, vaults_room_large_hall, v_misc_15,
          dpeg_vaults_monster_box, vaults_dpeg_diagonal,
          nicolae_vaults_ninety_degrees, ontoclasm_vaults_decontamination,
          nicolae_vaults_border_crossing, layout_vaults_chaotic_city,
          enter_trove_0
Vaults:2: ontoclasm_vaults_ring_large, v_misc_4, vaults_standard_mumra_x,
          grunt_vaults_swirl, v_misc_33, vaults_dpeg_spiral,
          minmay_crypt_entry_simple_sparse, v_misc_12,
          nicolae_vaults_circle_grid_b, nicolae_vaults_little_squares_3,
          nicolae_vaults_little_squares_1, nicolae_vaults_yaktaur_gun_rack,
          layout_vaults_big_cross
Vaults:3: v_misc_19, serial_ice_m, v_misc_13, v_misc_9,
          vaults_dpeg_encased_lava, vaults_room_corners,
          nicolae_vaults_statue_guard, layout_vaults_omnigrid, serial_shops,
          nicolae_shop_statue_plus
Vaults:4: grunt_vaults_bifocal, v_pattern_5, nicolae_vaults_diagonal_hallway_8,
          nicolae_vaults_what_the_h, ontoclasm_vaults_gateway,
          hangedman_vaults_snaps, hangedman_vaults_river_flow, v_alt_pattern_6,
          nicolae_vaults_octagons, vaults_mumra_minichess_inversion,
          v_alt_pattern_3, v_alt_pattern_4, ontoclasm_vaults_twist,
          ontoclasm_vaults_ring_small, nicolae_vaults_little_squares_4,
          layout_vaults_maze, serial_shops, shop
Vaults:5: uniq_jory, uniq_mara
Crypt:1:  statuecave_lemuel, layout_gridlike, basic_altar
Crypt:2:  hangedman_screamer, layout_misc_corridors
Crypt:3:  evilmike_haunted_forest
Depths:1: layout_basic, serial_rivers, chequers_serial_rivers_room_a,
          chequers_serial_rivers_micro_e, chequers_serial_rivers_large_a,
          chequers_serial_rivers_small_b, chequers_serial_rivers_micro_b,
          chequers_serial_rivers_large_b, hell_entry, nicolae_water_bricks,
          minmay_gold_behind_fungi, okawaru_ov_weapons_minmay
Depths:2: minmay_connected_boxes_in_corner, layout_gridlike, hell_entry,
          roderic_roman_lattice, minmay_shoptagon,
          minmay_staircase_windowed_large
Depths:3: mu_elephants_graveyard, layout_cave_pools, old_standard_altar,
          pan_entry, hell_entry, st_stairs_12, infiniplex_staircase_zigzag_4,
          uniq_margery
Depths:4: kennysheep_ambush_hall, layout_cave_pools, ziggurat_fallback,
          abyss_entry_crystal, serial_rivers, chequers_serial_rivers_micro_a,
          chequers_serial_rivers_room_a, chequers_serial_rivers_micro_a,
          chequers_serial_rivers_room_b, chequers_serial_rivers_micro_a,
          chequers_serial_rivers_small_b, hell_entry, kennysheep_path_1,
          serial_shops, kennysheep_little_box, hangedman_decor_opposing,
          guppyfry_shop_venom, uniq_frederick
Depths:5: grunt_zot_entry_tricorne, layout_basic, serial_aquarium,
          aquarium_bridge_square [aquarium_subvault_window,
          aquarium_subvault_wall, aquarium_subvault_window,
          aquarium_subvault_bridge], aquarium_window_1, aquarium_window_double,
          aquarium_window_corner, aquarium_view_2a, hell_entry,
          abyss_entry_glasseish, uniq_saint_roka

Skill      XL: |  1  2  3  4  5  6  7  8  9 10 11 12 13 14 15 16 17 18 19 20 21 22 23 24 25 26 |
---------------+-------------------------------------------------------------------------------+-----
Fighting       | 2 3 4 6 7 8 10 11 12 13 14 15 16 18 19 20 21 22 23 | 23.3
Bows           | 3 4 5 6 7 8 10 | 10.1
Dodging        | 1 2 3 5 6 7 8 9 10 12 14 16 17 18 | 18.5
Armour         | 3 4 6 7 9 10 12 14 16 18 | 18.7
Axes           | 1 2 3 4 5 6 8 9 11 12 14 15 16 19 20 | 20.7
Shields        | 3 4 6 |  6.0
Stealth        | 9 13 | 13.2
Evocations     | |  1.0

Action                   |  1- 3 |  4- 6 |  7- 9 | 10-12 | 13-15 | 16-18 | 19-21 | 22-24 | 25-27 || total
-------------------------+-------+-------+-------+-------+-------+-------+-------+-------+-------++-------
Melee: Hand axe          |    61 |   143 |   455 |   562 |       |       |       |       |       ||  1221
       Battleaxe         |       |       |       |   197 |   475 |  1294 |  1568 |  1131 |   758 ||  5423
       Broad axe         |       |       |       |       |       |       |       |    66 |       ||    66
 Fire: Shortbow          |    56 |       |       |       |       |       |       |       |       ||    56
Throw: Dart              |       |       |       |       |     1 |    10 |     3 |       |     3 ||    17
       Throwing net      |       |       |       |       |     1 |       |       |       |       ||     1
Evoke: Wand              |       |     7 |    13 |     7 |     8 |    14 |     5 |     3 |       ||    57
       Phantom mirror    |       |       |       |       |       |       |     1 |       |     1 ||     2
       Condenser vane    |       |       |       |       |       |       |       |     1 |       ||     1
  Use: Scroll            |     5 |     5 |     7 |    20 |     9 |    24 |     9 |    13 |     7 ||    99
       Potion            |     2 |     2 |     3 |    16 |    13 |    17 |     9 |    11 |    17 ||    90
 Stab: Sleeping          |     2 |     1 |     2 |       |       |     2 |    49 |    12 |    13 ||    81
       Invisible         |       |     1 |       |       |     3 |       |       |       |       ||     4
       Betrayed ally     |       |       |     1 |       |       |       |       |       |       ||     1
       Held in net/web   |       |       |       |       |     1 |       |       |       |       ||     1
       Distracted        |       |       |       |       |       |       |     4 |     4 |     5 ||    13
       Confused          |       |       |       |       |       |       |       |     2 |       ||     2
Armor: Robe              |    33 |    36 |    87 |       |       |       |       |       |       ||   156
       Skin              |       |     3 |    14 |       |       |     4 |     2 |       |       ||    23
       Plate armour      |       |       |    80 |   649 |   416 |   640 |       |       |       ||  1785
       Scale mail        |       |       |       |       |       |    42 |   468 |   430 |   179 ||  1119
       Chain mail        |       |       |       |       |       |    24 |       |       |       ||    24
Dodge: Dodged            |    54 |   112 |   204 |   356 |   434 |   768 |  1144 |  1180 |   547 ||  4799
       Repelled          |       |       |       |       |       |    44 |    67 |    17 |    20 ||   148
Block: Buckler           |       |       |    60 |   161 |       |       |       |       |       ||   221
